 Dungeon Crawl Stone Soup version 0.19-a0-1834-g6b7851e (webtiles) character file.

227 hurricos the Cutter (level 6, -1/30 HPs)
             Began as a Vine Stalker Gladiator on Oct 9, 2016.
             Was an Elder of Uskayaw.
             Slain by a gnoll (3 damage)
             ... on level 3 of the Dungeon.
             The game lasted 00:02:31 (1444 turns).

hurricos the Cutter (Vine Stalker Gladiator)        Turns: 1444, Time: 00:02:32

Health: -1/30      AC: 13    Str: 17    XL:     6   Next: 2%
Magic:  0/8        EV: 12    Int:  8    God:    Uskayaw [****..]
Gold:   153        SH:  0    Dex: 17    Spells: 0 memorised, 5 levels left

rFire  . . .     SeeInvis .     w - +1 short sword (protect)
rCold  . . .     Gourm    .     e - +0 ring mail
rNeg   . . .     Faith    .     (no shield)
rPois  .         Spirit   +     c - +0 helmet
rElec  .         Dismiss  .     (no cloak)
rCorr  .         Reflect  .     (no gloves)
MR     .....     Harm     .     (no boots)
Stlth  ++........               (no amulet)
                                (no ring)
                                (no ring)

@: lethally poisoned (-1 -> -1), protection aura
A: fangs 2, regeneration 1, magic shield, antimagic bite, no device heal 3, rot
immunity
a: Stomp, Line Pass, Renounce Religion


You were on level 3 of the Dungeon.
You worshipped Uskayaw.
Uskayaw was noncommittal.
You were hungry.

You visited 1 branch of the dungeon, and saw 3 of its levels.

You collected 153 gold pieces.

Inventory:

Hand Weapons
 a - a +0 rapier
 w - a +1 short sword of protection (weapon)
Missiles
 d - 3 throwing nets (quivered)
Armour
 b - a +0 leather armour
 c - a +0 helmet (worn)
 e - a +0 ring mail (worn)
Jewellery
 r - an uncursed ring of protection from fire {unknown}
Wands
 v - a wand of polymorph (11/24)
Scrolls
 g - a scroll of fog {unknown}
 h - a scroll of amnesia {unknown}
 i - 2 scrolls of remove curse
 j - 4 scrolls of identify
 o - 2 scrolls of fear {unknown}
 q - a scroll of recharging {unknown}
 s - a scroll of enchant weapon {unknown}
 u - a scroll of random uselessness {unknown}
Potions
 k - a potion of curing
 l - a potion of haste {unknown}
 m - a potion of cure mutation
 t - a potion of heal wounds {unknown}
 x - 2 potions of degeneration {unknown}
Comestibles
 f - 2 bread rations
 n - a royal jelly
 p - a slice of pizza


   Skills:
 - Level 1.7 Fighting
 * Level 5.0 Short Blades
 - Level 1.7 Throwing
 - Level 2.4 Dodging
 + Level 2.4 Stealth
 + Level 2.2 Invocations


You had 5 spell levels left.
You didn't know any spells.

Dungeon Overview and Level Annotations

Branches:
Dungeon (3/15)

Altars:
Okawaru
Uskayaw
The Shining One


Innate Abilities, Weirdness & Mutations

You have extremely sharp teeth.
Your natural rate of healing is unusually fast.
When hurt, damage is shared between your health and your magic reserves.
Your bite disrupts and absorbs the magic of your enemies.
Potions and wands cannot restore your health.
You are immune to rotting.


Message History

Your experience leads to an increase in your attributes!
Increase (S)trength, (I)ntelligence, or (D)exterity?
You feel agile.
You feel sick.
You hit the gnoll but do no damage. The gnoll barely misses you.
You hit the gnoll. Your bite misses the gnoll.
The gnoll is moderately wounded.
The gnoll closely misses you.
You hit the gnoll but do no damage. You bite the gnoll. You drain its power.
You feel invigorated.
The gnoll is severely wounded.
You hit the gnoll. Your bite misses the gnoll.
The gnoll is almost dead.
You feel sick. The gnoll hits you.
* * * LOW HITPOINT WARNING * * *
Uskayaw will force your foes to share their pain.
You barely miss the gnoll. Your bite misses the gnoll.
The gnoll is almost dead.
The gnoll hits you.
You die...

#.#...#...8.8... ####).
......#....8.... ##...#..
......#........... #..8...
...8...'...#.#.....
#....#...#.....#...#.#.[... #####
#.#.###.###...##.#...#.....
....###....#...#...# #.#.#.#.....
........†8...8.g)8.###.....#.....
....###()..#...#@..#.......#.####
....# #)).###.###.)÷.......#.#
....# ##...#...#...'.....#.#.#
....# #.8...8...8.#.....#.#.#
....# #...#...#...#.....#...#
....# #####.#######.(...#.###
....# #.# ###(#.#>#
.)).########.# #.#.#.#
....+........# #.# #.#


You could see a gnoll.

Vanquished Creatures
  An orc priest (D:3)
  An orc wizard (D:3)
  A worker ant (D:3)
  4 gnolls
  4 adders
  A worm (D:2)
  2 dart slugs
  2 leopard geckos (D:2)
  6 orcs (D:3)
  10 bats
  A giant cockroach (D:2)
  8 goblins
  4 hobgoblins
  4 jackals (D:3)
  4 kobolds
  A quokka (D:2)
  3 frilled lizards
  4 rats
61 creatures vanquished.

Notes
Turn   | Place    | Note
-------+----------+-------------------------------------------
     0 | D:1      | hurricos the Vine Stalker Gladiator began the quest for the Orb.
     0 | D:1      | Reached XP level 1. HP: 11/11 MP: 2/2
    68 | D:1      | Found a glowing golden altar of the Shining One.
   137 | D:1      | Reached skill level 3 in Short Blades
   145 | D:1      | Reached XP level 2. HP: 15/15 MP: 3/3
   218 | D:1      | Reached XP level 3. HP: 2/18 MP: 1/4
   661 | D:2      | Reached skill level 4 in Short Blades
   676 | D:2      | Noticed a dagger
   677 | D:2      | Noticed a hand axe
   680 | D:2      | Found a hide-covered altar of Uskayaw.
   694 | D:2      | Became a worshipper of Uskayaw the Reveler
   732 | D:2      | Reached * piety under Uskayaw
   777 | D:2      | Reached ** piety under Uskayaw
   861 | D:2      | Gained mutation: Your natural rate of healing is unusually fast. [Vine Stalker growth]
   861 | D:2      | Reached XP level 4. HP: 23/23 MP: 5/5
   868 | D:2      | Found an iron altar of Okawaru.
   932 | D:2      | Reached skill level 1 in Stealth
  1147 | D:3      | Reached *** piety under Uskayaw
  1148 | D:3      | Reached skill level 1 in Invocations
  1148 | D:3      | Reached XP level 5. HP: 20/26 MP: 4/6
  1154 | D:3      | Reached **** piety under Uskayaw
  1199 | D:3      | Found a faded altar of an unknown god.
  1429 | D:3      | Reached skill level 5 in Short Blades
  1439 | D:3      | Reached XP level 6. HP: 3/30 MP: 1/8
  1443 | D:3      | HP: 1/30 [gnoll (2)]
  1444 | D:3      | Slain by a gnoll

Vault maps used:
D:1:      dpeg_arrival_short_road, tso_metal_star
D:2:      dancing_weapons_uskayaw, kennysheep_okawaru_gauntlet, first_bread
D:3:      makhleb_blood_cavern_becter, ecumenical_altar_2,
          minmay_misc_feat_four_crosses

Skill      XL: |  1  2  3  4  5 |
---------------+----------------+-----
Short Blades   | 3 4 5 |  5.0
Stealth        | 1 2 |  2.4
Invocations    | 1 2 |  2.2
Fighting       | |  1.7
Throwing       | |  1.7
Dodging        | |  2.4

Action                   |  1- 3 |  4- 6 || total
-------------------------+-------+-------++-------
Melee: Rapier            |    78 |    60 ||   138
       Bite              |    23 |    25 ||    48
       Short sword       |       |    45 ||    45
  Use: Scroll            |     2 |       ||     2
       Potion            |     2 |       ||     2
 Stab: Paralysed         |       |     2 ||     2
       Sleeping          |       |     1 ||     1
  Eat: Chunk             |       |     1 ||     1
Armor: Ring mail         |    39 |    47 ||    86
Dodge: Dodged            |    54 |    57 ||   111
